 Dungeon Crawl Stone Soup version 0.26.1-2-gb8aa6d0cf2 (console) character file.

Game seed: 9628698739695160272

31 om the Insei (level 3, -2/26 HPs)
             Began as a Merfolk Transmuter on Feb 26, 2021.
             Slain by a gnoll
             ... wielding a +0 whip
              (8 damage)
             ... on level 1 of the Dungeon.
             The game lasted 00:03:05 (1343 turns).

om the Insei (Merfolk Transmuter)                   Turns: 1343, Time: 00:03:05

Health: -2/26      AC:  2    Str: 16    XL:     3   Next: 22%
Magic:  3/6        EV: 13    Int: 13    God:
Gold:   51         SH:  0    Dex: 14    Spells: 3/6 levels left

rFire    + . .     SeeInvis .     - Unarmed
rCold    x . .     Faith    .   (no shield)
rNeg     . . .     Spirit   .   a - +0 robe
rPois    .         Reflect  .   (helmet currently unavailable)
rElec    .         Harm     .   (no cloak)
rCorr    .         Rampage  .   (no gloves)
Will     .....                  (boots currently unavailable)
Stlth    +.........             (no amulet)
HPRegen  0.08/turn              d - +6 ring of strength
MPRegen  0.10/turn              f - ring of fire

@: appendages, wereblooded
A: change form in water, swift swim, stealthy swim, horns 2
a: End Transformation


You were on level 1 of the Dungeon.
You had grown temporary horns.
You visited 1 branch of the dungeon, and saw 2 of its levels.

You collected 51 gold pieces.

Inventory:

Armour
 a - a +0 robe (worn)
Jewellery
 d - a +6 ring of strength (left hand)
 f - a ring of fire (right hand)
Scrolls
 b - a scroll of identify {unknown}
 e - a scroll of enchant weapon {unknown}
 g - a scroll of immolation {unknown}
Potions
 c - a potion of berserk rage {unknown}


   Skills:
 + Level 1.4 Fighting
 + Level 3.1 Dodging
 * Level 3.7 Unarmed Combat
 + Level 2.2 Spellcasting
 * Level 3.5 Transmutations


You had 3 spell levels left.
You knew the following spells:

 Your Spells              Type           Power        Failure   Level
a - Beastly Appendage     Tmut           20%          6%          1
b - Wereblood             Tmut           10%          9%          2

Your spell library contained the following spells:

 Spells                   Type           Power        Failure   Level
 Spider Form              Tmut/Pois      2%           36%         3
 Ice Form                 Ice/Tmut       5%           77%         4
 Blade Hands              Tmut           5%           86%         5


Dungeon Overview and Level Annotations

Branches:
Dungeon (2/15)

Altars:


Innate Abilities, Weirdness & Mutations

You revert to your normal form in water.
You are very nimble and swift while swimming.
You are very stealthy in the water. (Stealth+)
You have a pair of horns on your head.


Message History

Casting: Beastly Appendage (safe; 6% risk of failure)
Press: ? - help, Q - select action, (/) - cycle Dir - look around, f - activate You grow a pair of large bovine horns.
Okay, then.
Casting: Beastly Appendage (safe; 6% risk of failure)
Confirm with . or Enter, or press ? or * to list all spells.
Your blood is infused with primal strength.
The gnoll hits you with a +0 whip!
You are too injured to fight recklessly!
You closely miss the gnoll. The gnoll hits you with a +0 whip.
* * * LOW HITPOINT WARNING * * *
You are too injured to fight recklessly!
You punch the gnoll!
The gnoll is heavily wounded.
The gnoll misses you.
You are too injured to fight recklessly!
You closely miss the gnoll.
The gnoll is heavily wounded.
The gnoll hits you with a +0 whip!
You die...

..#.##.#.##..##..#.#♣.♣#.#...#..#
#.#.##.#.##..##..#.#♣.♣#.#...#..#
..#.##.#.##..##..#.#...#..(......
#.#.##.#.##..##..#.#..##........#
#.#.##.#.##...#..#.#.###.........
.................................
#.#.##.####.#...)#.#####.........
#...............................#
#†#.##.####.##...#.#####.........
.....#.####.###..................
................@................
....#..........gg.........##.###.
#..##...###.###..#...............
..............).>#.#.#.#..##.###.
............###.##.#.#+#..##.###.
#..##...###.##..##.#......##.....
.......................(.....)...
##..#...###.##.....#......###.#..
#..#...###.##.##...........#.#..
##..#............................
....#...##..##.##................


You could see 2 gnolls.

Vanquished Creatures
  4 dart slugs (D:1)
  3 bats (D:1)
  3 goblins (D:1)
  4 hobgoblins (D:1)
  3 kobolds (D:1)
  3 frilled lizards (D:1)
  4 rats (D:1)
24 creatures vanquished.

Notes
Turn   | Place    | Note
-------+----------+-------------------------------------------
     0 | D:1      | om the Merfolk Transmuter began the quest for the Orb.
     0 | D:1      | Reached XP level 1. HP: 15/15 MP: 3/3
   128 | D:1      | Reached XP level 2. HP: 18/21 MP: 3/5
   634 | D:1      | Reached XP level 3. HP: 26/26 MP: 6/6
   637 | D:1      | Learned a level 2 spell: Wereblood
  1343 | D:1      | Slain by a gnoll

Illustrated notes

Levels and vault maps discovered:
D:1:      eino_arrival_tree_alley, layout_basic
D:2:      layout_rooms

Skill      XL: |  1  2 |
---------------+-------+-----
Transmutations | 3 |  3.5
Dodging        | 3 |  3.1
Fighting       | |  1.4
Unarmed Combat | |  3.7
Spellcasting   | |  2.2

Action                   || total
-------------------------++-------
Melee: Unarmed           ||    57
       Headbutt          ||     8
       Club              ||     7
 Cast: Beastly Appendage ||    13
       Wereblood         ||     1
 Stab: Sleeping          ||     2
Armor: Robe              ||     7
Dodge: Dodged            ||    35
